 Dungeon Crawl Stone Soup version 0.30-a0-305-g026cb31310 (webtiles) character file.

Game seed: 10852195067320582601

14837 Lobster4 the Destroyer (level 11, -5/148 HPs)
             Began as a Green Draconian Conjurer on Oct 21, 2022.
             Was a Priest of Fedhas.
             Slain by a quicksilver ooze (6 damage)
             ... in a Gauntlet.
             The game lasted 00:47:44 (13473 turns).

Lobster4 the Destroyer (Green Draconian Conjurer)  Turns: 13473, Time: 00:47:44

Health: -5/148     AC: 25    Str: 12    XL:     11   Next: 94%
Magic:  22/32      EV:  2    Int: 20    God:    Fedhas [***...]
Gold:   747        SH:  0    Dex: 10    Spells: 23/26 levels left

rFire   . . .      SeeInvis .    a - +2 great sword (vorpal)
rCold   . . .      Faith    .    (shield currently unavailable)
rNeg    . . .      Spirit   .    (body armour unavailable)
rPois   +          Reflect  .    (helmet currently unavailable)
rElec   .          Harm     .    (cloak currently unavailable)
rCorr   +          Rampage  .    (gloves currently unavailable)
Will    .....      NoTele   +    (boots currently unavailable)
Stlth   ++........               w - amulet of regeneration
HPRegen 1.24/turn                Q - ring of magical power
MPRegen 0.23/turn                u - ring of resist corrosion

@: tree-form, engulfed
A: stationary, stasis, torment immunity, boosted hp, (breathe noxious fumes), AC
+7, unfitting armour, (poison resistance), (cold-blooded)
a: Renounce Religion, Wall of Briars, Grow Ballistomycete


You were in a Gauntlet.
You worshipped Fedhas.
Fedhas was most pleased with you.
You were a tree.
You visited 3 branches of the dungeon, and saw 12 of its levels.
You also visited: Sewer and Gauntlet.

You collected 747 gold pieces.

Inventory:

Hand Weapons
 a - a +2 vorpal great sword (weapon)
 e - a +2 broad axe of flaming
 h - a +2 whip of flaming
 m - a +2 spear of venom
 o - a +4 shortbow of electrocution
 p - a +0 sling
 E - a +2 dire flail
 R - a +4 great sword
Missiles
 d - 12 poisoned darts (quivered)
 j - 5 boomerangs
 k - 7 atropa-tipped darts
 q - 9 javelins
 G - 4 curare-tipped darts
 L - 3 throwing nets
Armour
 b - a +0 kite shield
 c - a +0 cloak (melded)
 s - a scarf of repulsion
 M - a +1 pair of boots
 N - a +2 pair of boots of stealth (melded)
Magical Staves
 y - a staff of poison
Jewellery
 u - a ring of resist corrosion (right branch)
 w - an amulet of regeneration (around neck)
 B - an amulet of reflection
 J - a ring of see invisible
 Q - a ring of magical power (left branch)
 T - the macabre finger necklace {rN+}
   (You found it in a Gauntlet)

   [amulet of nothing]

   It enables you to equip an extra ring.
   rN:        It protects you from negative energy.
Wands
 n - a wand of polymorph (6)
 x - a wand of light (11)
 F - a wand of mindburst (7)
 O - a wand of iceblast (8)
Scrolls
 f - a scroll of brand weapon {unknown}
 t - a scroll of blinking
 v - 3 scrolls of magic mapping
 z - a scroll of immolation
 A - a scroll of enchant weapon
 H - a scroll of acquirement {unknown}
 I - a scroll of amnesia
 S - a scroll of teleportation
Potions
 g - 2 potions of curing
 i - 3 potions of magic
 l - 11 potions of ambrosia
 r - a potion of resistance
 D - a potion of cancellation
 K - a potion of flight
 P - 2 potions of brilliance


   Skills:
 + Level 9.6 Fighting
 - Level 2.0 Long Blades
 - Level 2.0 Axes
 + Level 5.5 Ranged Weapons
 + Level 6.0 Dodging
 - Level 2.0 Stealth
 + Level 8.4 Spellcasting
 + Level 10.0 Conjurations
 + Level 7.2 Poison Magic
 + Level 2.7 Invocations
 - Level 3.0 Evocations


You had 23 spell levels left.
You knew the following spells:

 Your Spells              Type           Power      Damage    Failure   Level
a - Magic Dart            Conj           100%       1d8       1%          1
b - Searing Ray           Conj           96%        2d7       1%          2

Your spell library contained the following spells:

 Spells                   Type           Power      Damage    Failure   Level
 Dazzling Flash           Conj/Hex       56%        N/A       3%          3
 Hailstorm                Conj/Ice       28%        3d8       3%          3
 Freeze                   Ice            32%        1d5       9%          1
 Flame Wave               Conj/Fire      28%        2d9       11%         4
 Fulminant Prism          Conj/Hex       14%        3d9       11%         4
 Iskenderun's Mystic Bla  Conj/Tloc      28%        2d7       11%         4
 Scorch                   Fire           16%        2d6       12%         2
 Sublimation of Blood     Necr           8%         N/A       12%         2
 Wereblood                Tmut           8%         N/A       12%         2
 Frozen Ramparts          Ice            16%        1d3       24%         3
 Irradiate                Conj/Tmut      14%        3d16      28%         5
 Petrify                  Tmut/Erth      8%         N/A       63%         4
 Summon Forest            Summ/Tloc      4%         N/A       92%         5
 Eringya's Noxious Bog    Tmut/Pois      11%        N/A       96%         6
 Summon Cactus Giant      Summ           4%         N/A       100%        6
 Summon Hydra             Summ           4%         N/A       100%        7


Dungeon Overview and Level Annotations

Branches:
Dungeon (9/15)             Temple (1/1) D:6            Lair (2/5) D:8
  Sewer (visited)         Gauntlet (1/1)
  Swamp: Lair:2-3    Shoals: Lair:2-3     Snake: Lair:2-3    Spider: Lair:2-3
    Orc: D:9-12

Altars:
Dithmenos
Fedhas
Gozag
Kikubaaqudgha
Makhleb
Okawaru
Qazlal
Ru
Sif Muna
Trog
Vehumet
Wu Jian
Xom
Yredelemnul
Zin
The Shining One

Shops:
D:7 (

Annotations:
D:6 1 exclusion Gauntlet 6 transporters, 1 runed translucent door


Innate Abilities, Weirdness & Mutations

You are a tree.
Your roots penetrate the ground, keeping you stationary.
You cannot be teleported.
You are immune to unholy pain and torment.
Your maximum health is greatly increased.
Your equipment is partially melded.
((You can breathe blasts of noxious fumes.))
((Your lurid green scales are hard. (AC +7)))
You cannot fit into any form of body armour.
((Your system is resistant to poisons. (rPois)))
((You are cold-blooded and may be slowed by cold attacks.))


Message History

The quicksilver ooze hits you!
* * * LOW HITPOINT WARNING * * *
The quicksilver ooze hits you but does no damage.
You closely miss the quicksilver ooze.
The quicksilver ooze is moderately wounded.
The quicksilver ooze hits you.
* * * LOW HITPOINT WARNING * * *
The quicksilver ooze hits you but does no damage.
The quicksilver ooze hits you. The quicksilver ooze barely misses you.
You closely miss the quicksilver ooze.
The quicksilver ooze is lightly wounded.
The quicksilver ooze hits you.
The quicksilver ooze hits you but does no damage.
The quicksilver ooze hits you.
The quicksilver ooze hits you but does no damage.
The quicksilver ooze hits you.
* * * LOW HITPOINT WARNING * * *
The quicksilver ooze hits you but does no damage.
You attack the translucent stone wall.
You feel less invigorated.
You feel less confused. The quicksilver ooze hits you.
* * * LOW HITPOINT WARNING * * *
The quicksilver ooze hits you.
* * * LOW HITPOINT WARNING * * *
You feel your power leaking away. The quicksilver ooze hits you.
The quicksilver ooze hits you but does no damage.
The quicksilver ooze hits you.
The quicksilver ooze hits you but does no damage.
You slice the quicksilver ooze!!
The quicksilver ooze is severely wounded.
The quicksilver ooze completely misses you.
The quicksilver ooze hits you!
* * * LOW HITPOINT WARNING * * *
You feel your power leaking away. The quicksilver ooze hits you!
* * * LOW HITPOINT WARNING * * *
The quicksilver ooze hits you.
You die...
Fedhas appreciates your contribution to the ecosystem.

##≈.#.##..#.#.≈##
#≈≈.#..2©...#.≈≈#
##≈.#.#..##.#.≈##
##.###.###.#.##
##≈.###.4h..#.≈##
#≈≈.#########.≈≈#
##≈.#8..©#....≈##
##.#©..J#.8..##
##≈.#8..♣#....≈##
#≈≈.#########.≈≈#
##≈.#...©.#.#.≈##
##.#.##[.#.#.##
##≈.##..##..#.≈##
#≈≈.##..©..##.≈≈#
##≈.#..##..##.≈## ##
##.#.#..##.#.##
##≈###..#.#.....#.≈##


You could see a quicksilver ooze, a hellion, a red devil and a hell hound.

Vanquished Creatures
  2 two-headed ogres (D:8)
  Pikel (D:5)
  5 elephants
  An eye of devastation (Gauntlet)
  Maggie (D:6)
  A rime drake (Lair:2)
  3 komodo dragons
  5 cane toads
  A queen bee (D:9)
  2 hornets
  A polar bear (Lair:2)
  3 basilisks
  A vampire (D:9)
  A wyvern (D:9)
  Eustachio (D:5)
  6 yaks
  Menkaure (D:7)
  3 steam dragons
  An acid dragon (D:8)
  Duvessa (D:4)
  4 water moccasins
  2 orc warriors
  A floating eye (Gauntlet)
  2 ice beasts
  A sky beast (D:7)
  A black bear (Lair:1)
  2 ogres
  6 wolves
  A kobold brigand (D:8)
  6 bullfrogs
  A gnoll sergeant (D:8)
  3 scorpions
  10 wights
  Dowan (D:4)
  22 killer bees
  3 electric eels (Lair:1)
  A howler monkey (D:5)
  9 hounds
  4 orc priests
  2 jellies
  4 iguanas
  7 orc wizards
  8 gnolls
  12 adders
  3 white imps
  An ufetubus (D:5)
  2 worms
  2 dart slugs (D:1)
  24 orcs
  9 ball pythons
  6 endoplasms
  6 giant cockroaches (Sewer)
  6 goblins
  6 hobgoblins
  8 quokkas
  4 bats
  7 frilled lizards
  11 kobolds
  7 rats
256 creatures vanquished.

Vanquished Creatures (collateral kills)
  3 killer bees (D:9)
3 creatures vanquished.

Vanquished Creatures (others)
  3 wights (D:9)
  3 fungi
  6 plants (Lair:1)
12 creatures vanquished.

Grand Total: 271 creatures vanquished

Notes
Turn   | Place    | Note
-------+----------+-------------------------------------------
     0 | D:1      | Lobster4 the Draconian Conjurer began the quest for the
                  | Orb.
     0 | D:1      | Reached XP level 1. HP: 14/14 MP: 3/3
   309 | D:1      | Reached XP level 2. HP: 21/22 MP: 0/5
   360 | D:1      | Learned a level 2 spell: Searing Ray
   890 | D:1      | Reached skill level 1 in Fighting
  1136 | D:2      | Reached XP level 3. HP: 25/28 MP: 6/6
  2040 | D:3      | Found a glowing drain.
  2097 | Sewer    | Entered a sewer
  2100 | Sewer    | Reached XP level 4. HP: 36/36 MP: 3/7
  2663 | Sewer    | Noticed a bullfrog
  2672 | Sewer    | Killed a bullfrog
  2673 | Sewer    | Reached XP level 5. HP: 31/42 MP: 4/9
  4033 | D:4      | Noticed an orc warrior
  4046 | D:4      | Reached skill level 1 in Ranged Weapons
  4046 | D:4      | Reached skill level 5 in Conjurations
  4048 | D:4      | Reached XP level 6. HP: 31/50 MP: 4/11
  4282 | D:4      | Killed an orc warrior
  4283 | D:4      | Your scales start taking on a lurid green colour.
  4283 | D:4      | Reached XP level 7. HP: 57/57 MP: 8/12
  4283 | D:4      | Gained mutation: Your system is resistant to poisons.
                  | (rPois) [Green Draconian growth]
  4736 | D:4      | Noticed Duvessa
  4736 | D:4      | Noticed Dowan
  4756 | D:4      | Killed Dowan
  4762 | D:4      | Killed Duvessa
  5016 | D:5      | Entered Level 5 of the Dungeon
  5164 | D:5      | Reached skill level 6 in Conjurations
  5168 | D:5      | Noticed Eustachio
  5189 | D:5      | Killed Eustachio
  5190 | D:5      | Reached XP level 8. HP: 63/67 MP: 1/15
  5397 | D:5      | Reached skill level 5 in Fighting
  5520 | D:5      | Reached skill level 5 in Spellcasting
  5520 | D:5      | Noticed Pikel
  5530 | D:5      | Killed Pikel
  5531 | D:5      | Reached skill level 7 in Conjurations
  6590 | D:6      | Found a glowing silver altar of Zin.
  6590 | D:6      | Found an ancient bone altar of Kikubaaqudgha.
  6621 | D:6      | Reached XP level 9. HP: 63/78 MP: 13/17
  6629 | D:6      | Reached skill level 1 in Poison Magic
  6787 | D:6      | Reached skill level 1 in Evocations
  6917 | D:6      | Noticed Maggie
  6927 | D:6      | Killed Maggie
  7002 | D:6      | Found a staircase to the Ecumenical Temple.
  7022 | Temple   | Entered the Ecumenical Temple
  7057 | Temple   | Became a worshipper of Fedhas Madash
  7278 | D:7      | Reached skill level 8 in Conjurations
  7334 | D:7      | Found Tomuir's Weapon Shoppe.
  7533 | D:7      | Noticed Menkaure
  7540 | D:7      | Killed Menkaure
  7593 | D:7      | Found an ornate altar of the Wu Jian Council.
  8415 | D:6      | Noticed a rust devil
  8415 | D:6      | Noticed a rust devil
  8897 | D:8      | Noticed a two-headed ogre
  8911 | D:8      | Killed a two-headed ogre
  8911 | D:8      | Reached * piety under Fedhas
  8912 | D:8      | Reached skill level 1 in Axes
  8912 | D:8      | Reached XP level 10. HP: 77/86 MP: 9/20
  8979 | D:8      | Noticed a two-headed ogre
  8992 | D:8      | Killed a two-headed ogre
  9054 | D:8      | Found a staircase to the Lair.
  9651 | D:9      | Reached skill level 5 in Ranged Weapons
 10226 | D:8      | Reached ** piety under Fedhas
 10247 | Lair:1   | Entered Level 1 of the Lair of Beasts
 10247 | Lair:1   | Noticed a cane toad
 10253 | D:8      | Reached skill level 9 in Conjurations
 10374 | Lair:1   | Killed a cane toad
 10375 | Lair:1   | Reached skill level 5 in Poison Magic
 10404 | Lair:1   | Noticed a cane toad
 10434 | D:8      | Killed a cane toad
 10499 | Lair:1   | Noticed a cane toad
 10517 | D:8      | Killed a cane toad
 10520 | D:8      | Reached XP level 11. HP: 13/95 MP: 12/22
 10761 | D:9      | Reached skill level 5 in Dodging
 11368 | D:9      | HP: 1/97 [red devil/+0 trident[a kobold demonologist] (9)]
 11370 | D:9      | Noticed a sixfirhy
 11586 | D:9      | Noticed a sixfirhy
 11802 | D:8      | Reached skill level 1 in Long Blades
 12535 | D:8      | Reached skill level 1 in Invocations
 12646 | Lair:1   | Reached *** piety under Fedhas
 12964 | Lair:1   | You fall into a shaft and drop 1 floor!
 13080 | Lair:2   | Reached skill level 10 in Conjurations
 13152 | Lair:2   | Found a gate leading to a gauntlet.
 13156 | Gauntlet | Entered a Gauntlet
 13156 | Gauntlet | Found a transporter.
 13156 | Gauntlet | Found a runed translucent door.
 13163 | Gauntlet | Found a runed translucent door.
 13165 | Gauntlet | Found a transporter.
 13168 | Gauntlet | Found a transporter.
 13169 | Gauntlet | Found a transporter.
 13172 | Gauntlet | Noticed a fire crab
 13180 | Gauntlet | Found a transporter.
 13180 | Gauntlet | Found a transporter.
 13181 | Gauntlet | Found a transporter.
 13184 | Gauntlet | Noticed a soul eater
 13190 | Gauntlet | Found a transporter.
 13193 | Gauntlet | Found a transporter.
 13194 | Gauntlet | Found a transporter.
 13198 | Gauntlet | Noticed a quicksilver ooze
 13202 | Gauntlet | Found a transporter.
 13202 | Gauntlet | Found the macabre finger necklace {rN+}
 13205 | Gauntlet | Found a transporter.
 13206 | Gauntlet | Found a transporter.
 13219 | Gauntlet | Found a transporter.
 13305 | Gauntlet | Paralysed by a floating eye for 3 turns
 13311 | Gauntlet | Paralysed by a floating eye for 4 turns
 13468 | Gauntlet | HP: 4/148 [quicksilver ooze (11)]
 13473 | Gauntlet | HP: 1/148 [quicksilver ooze (13)]
 13473 | Gauntlet | Slain by a quicksilver ooze

Illustrated notes

Levels and vault maps discovered:
D:1:      roderic_crop_circles_arrival_small, layout_loops_ring
D:2:      layout_loops_cross, minmay_distorted
D:3:      layout_basic, cheibrodos_sewer_entry_bend
D:4:      dreamdust_elfheim, layout_basic
D:5:      layout_basic, uniq_pikel, uniq_eustachio
D:6:      cheibrodos_iron_armory, layout_basic, gammafunk_temple_overflow_wave,
          minmay_temple_entry_grid, kennysheep_small_square, uniq_maggie,
          uniq_duvessa
D:7:      layout_layer_cave, nicolae_wu_jian_wuxing_cycle, serial_shops,
          shop_coins, corexii_hall_statues_x, uniq_menkaure
D:8:      wander_river, layout_basic, lair_entry_dummy, st_stairs_14
D:9:      layout_roguey [special_room_bee], serial_glass, glass_columns_b,
          glass_columns_c, lemuel_flamethrower_hall
Temple:   compressed_dpeg_triangle_lava_temple
Lair:1:   layout_regular_city, serial_bayou_lake_a, grunt_megastairs_4
Lair:2:   layout_layer_cave, gauntlet_entry_generic, serial_bayou_shore_b
Gauntlet: gammafunk_gauntlet_77_escape_option [minmay_gauntlet_arena_77_cramped,
          minmay_gauntlet_arena_77_double_cross,
          minmay_gauntlet_arena_77_block_sizes,
          minmay_gauntlet_arena_77_squiggly, minmay_gauntlet_arena_77_p_blocks,
          nicolae_gauntlet_exit_dead_adventurers]

Skill      XL: |  1  2  3  4  5  6  7  8  9 10 11 |
---------------+----------------------------------+-----
Stealth        | 2 |  2.0
Dodging        | 2 3 4 6 |  6.0
Fighting       | 1 2 3 4 6 7 8 9 |  9.6
Spellcasting   | 3 4 5 6 7 8 |  8.4
Ranged Weapons | 1 2 3 4 5 |  5.5
Conjurations   | 5 6 7 8 9 10 | 10.0
Poison Magic   | 3 5 7 |  7.2
Evocations     | 3 |  3.0
Axes           | 1 2 |  2.0
Long Blades    | 2 |  2.0
Invocations    | 2 |  2.7

Action                   |  1- 3 |  4- 6 |  7- 9 | 10-12 || total
-------------------------+-------+-------+-------+-------++-------
Melee: Club              |    20 |       |       |       ||    20
       Tailslap          |     5 |     2 |     1 |     4 ||    12
       Spear             |     7 |     3 |       |       ||    10
       Broad axe         |       |       |     2 |       ||     2
       Great sword       |       |       |       |    31 ||    31
 Fire: Shortbow          |       |    34 |   116 |   227 ||   377
Throw: Dart              |       |     5 |    11 |     2 ||    18
 Cast: Magic Dart        |    67 |    59 |     4 |     3 ||   133
       Searing Ray       |     5 |    15 |    40 |    58 ||   118
 Abil: Breathe Noxious F |       |       |       |     3 ||     3
Evoke: Wand              |       |       |     1 |     4 ||     5
  Use: Scroll            |     8 |     1 |       |    19 ||    28
       Potion            |       |     4 |     1 |    14 ||    19
Armor: Skin              |     4 |    22 |    33 |   184 ||   243
Dodge: Dodged            |    26 |    40 |    60 |   298 ||   424
       Repelled          |       |       |     6 |     4 ||    10

Table legend: (Time is in decaauts)
 A = Elapsed time spent in this place.
 B = Non-inter-level travel time spent in this place.
 C = Inter-level travel time spent in this place.
 D = Time resting spent in this place.
 E = Time spent auto-exploring this place.
 F = Levels seen in this place.
 G = Mean time per level.
                   A        B        C        D        E       F      G
               +--------+--------+--------+--------+--------+-----+--------+
         Total |  13717 |  13255 |    462 |   2024 |   8478 |  14 |  979.8 |
       Dungeon |  11121 |  10685 |    436 |   1570 |   7218 |   9 | 1235.7 |
        Temple |     40 |     36 |      4 |      0 |      0 |   1 |   40.0 |
          Lair |   1287 |   1265 |     22 |    204 |    485 |   2 |  643.5 |
         Sewer |    944 |    944 |      0 |    161 |    657 |   1 |  944.0 |
      Gauntlet |    322 |    322 |      0 |     89 |    118 |   1 |  322.0 |
               +--------+--------+--------+--------+--------+-----+--------+

Top non-repeatable levels by time:
     D:8: 2075 daAuts
     D:5: 1496 daAuts
     D:9: 1442 daAuts
     D:7: 1218 daAuts
     D:4: 1183 daAuts
  Lair:1: 1111 daAuts
     D:3: 1045 daAuts
     D:1: 1040 daAuts
   Sewer: 944 daAuts
     D:2: 896 daAuts
     D:6: 723 daAuts
Gauntlet: 322 daAuts
  Lair:2: 175 daAuts
  Temple: 40 daAuts
